Map: Artillería pesada EE

Players

Grumion - Winner!

  • Race: Protoss Protoss
  • League: Gold
  • Spawn Location: 1:00

JoséAbelCast - Winner!

  • Race: Protoss Protoss
  • League: Gold
  • Spawn Location: 3:00

MrFercho

  • Race: Zerg Zerg
  • League: Gold
  • Spawn Location: 7:00

TATORREA

  • Race: Protoss Protoss
  • League: Gold
  • Spawn Location: 7:00

VOD

Have the link to the VOD?

Description

Time

  • Played on: Aug. 6, 2020, 10:01 p.m.
  • Length: 21:35
Show
View Real Time Build Order
Export as new Build Order

Grumion Protoss - Winner!

Build Orders: Oracle Opening, Carriers 

Get SALT Encoding   

  12  0:01  Probe (Chrono Boost)  
  13  0:10  Probe (Chrono Boost)  
  14  0:15  Probe (Chrono Boost)  
  15  0:25  Pylon  
  15  0:33  Pylon  
  15  0:38  Assimilator  
  15  0:43  Probe  
  16  0:55  Gateway  
  16  1:02  Probe  
  17  1:10  Pylon  
  17  1:14  Probe  
  18  1:47  Zealot  
  18  1:52  Cybernetics Core  
  20  1:55  Probe  
  21  2:07  Probe (Chrono Boost)  
  22  2:09  Nexus  
  22  2:20  Probe (Chrono Boost)  
  23  2:25  Probe (Chrono Boost)  
  23  2:28  Warp Gate (Chrono Boost)  
  24  2:30  Gateway  
  24  2:34  Probe  
  25  2:59  Assimilator  
  25  3:03  Stargate  
  25  3:13  Probe (Chrono Boost)  
  26  3:20  Stalker x2  
  26  3:24  Probe (Chrono Boost)  
  31  3:29  Probe (Chrono Boost)  
  32  3:34  Pylon  
  32  3:35  Pylon  
  32  3:39  Probe  
  33  3:48  Oracle  
  36  3:51  Probe  
  37  4:02  Probe (Chrono Boost)  
  38  4:10  Stalker x2  
  38  4:12  Probe (Chrono Boost)  
  43  4:17  Probe (Chrono Boost)  
  44  4:28  Probe  
  45  4:39  Stalker x2  
  45  4:40  Probe  
  45  4:43  Phoenix (Chrono Boost)  
  52  4:48  Assimilator  
  52  4:59  Probe  
  53  5:03  Assimilator  
  53  5:04  Phoenix (Chrono Boost)  
  55  5:11  Probe  
  52  5:23  Probe  
  53  5:35  Probe  
  54  5:47  Probe (Chrono Boost)  
  55  6:00  Probe (Chrono Boost)  
  55  6:01  Phoenix (Chrono Boost)  
  58  6:05  Probe (Chrono Boost)  
  59  6:13  Stargate  
  59  6:14  Probe  
  59  6:17  Phoenix (Chrono Boost)  
  58  6:26  Probe  
  53  6:39  Stalker x2  
  55  6:44  Phoenix (Chrono Boost)  
  57  6:58  Void Ray (Chrono Boost)  
  59  7:03  Void Ray (Chrono Boost)  
  63  7:16  Stalker  
  63  7:18  Stalker  
  64  7:53  Void Ray  
  64  7:55  Void Ray  
  70  8:01  Gateway  
  70  8:04  Gateway  
  70  8:10  Gateway  
  70  8:11  Gateway  
  70  8:12  Gateway  
  70  8:18  Pylon  
  70  8:20  Pylon  
  70  8:22  Pylon  
  70  8:44  Protoss Air Weapons Level 1 (Chrono Boost)  
  70  8:46  Fleet Beacon  
  70  9:07  Void Ray x2  
  78  9:20  Stalker x3  
  78  9:21  Stalker x4  
  92  9:38  Unknown  
  92  9:39  Pylon  
  92  9:41  Pylon  
  92  9:47  Pylon  
  92  9:49  Pylon  
  92  10:07  Pylon  
  92  10:09  Pylon  
  92  10:12  Pylon  
  78  10:17  Pylon  
  78  10:19  Pylon  
  78  10:35  Carrier x2 (Chrono Boost)  
  90  10:52  Nexus  
  90  10:55  Shield Battery  
  90  10:56  Shield Battery  
  90  10:59  Shield Battery  
  90  11:06  Gateway  
  90  11:15  Gateway  
  90  11:32  Carrier x2  
  102  11:35  Protoss Air Weapons Level 2 (Chrono Boost)  
  102  11:41  Stalker  
  102  11:42  Stalker x4  
  102  11:43  Stalker x2  
  116  12:07  Probe (Chrono Boost)  
  117  12:12  Stalker x5  
  117  12:14  Stalker  
  129  12:17  Probe (Chrono Boost)  
  129  12:22  Probe (Chrono Boost)  
  131  12:33  Probe  
  132  12:45  Probe  
  129  13:00  Carrier x2 (Chrono Boost)  
  141  13:21  Assimilator  
  141  13:24  Assimilator  
  137  13:57  Carrier  
  143  14:11  Carrier  
  149  14:23  Protoss Air Armor Level 1 (Chrono Boost)  
  149  14:33  Probe  
  150  14:45  Probe  
  150  14:47  Stalker x4  
  150  14:48  Stalker x5  
  169  15:00  Forge  
  169  15:01  Forge  
  169  15:16  Nexus  
  169  15:19  Pylon  
  169  15:22  Pylon  
  169  15:27  Pylon  
  161  16:08  Carrier x2 (Chrono Boost)  
  173  16:13  Mothership (Chrono Boost)  
  181  16:30  Protoss Ground Weapons Level 1 (Chrono Boost), Protoss Shields Level 1 (Chrono Boost)  
  181  17:01  Photon Cannon  
  181  17:04  Photon Cannon  
  181  17:05  Carrier x2  
  193  17:09  Photon Cannon  
  193  17:12  Photon Cannon  
  193  17:14  Assimilator  
  193  17:17  Twilight Council, Photon Cannon  
  193  17:19  Assimilator  
  193  17:53  Protoss Air Armor Level 2  
  189  18:58  Protoss Shields Level 2, Protoss Ground Weapons Level 2  
  189  19:01  Blink (Chrono Boost)  
Show
View Real Time Build Order
Export as new Build Order

JoséAbelCast Protoss - Winner!

Build Orders:  

Get SALT Encoding   

  12  0:08  Probe  
  13  0:18  Pylon  
  13  0:29  Probe  
  14  0:39  Gateway  
  14  0:43  Pylon  
  14  0:49  Assimilator  
  14  0:54  Probe (Chrono Boost)  
  15  1:06  Probe (Chrono Boost)  
  16  1:13  Probe (Chrono Boost)  
  17  1:20  Probe  
  17  1:21  Gateway  
  18  1:29  Cybernetics Core  
  18  1:41  Zealot (Chrono Boost)  
  18  1:45  Probe  
  21  1:53  Forge  
  21  2:02  Warp Gate (Chrono Boost)  
  21  2:07  Stalker (Chrono Boost)  
  21  2:13  Probe  
  24  2:31  Pylon  
  24  2:41  Probe  
  24  2:42  Assimilator  
  25  2:47  Stalker  
  27  2:53  Probe  
  27  2:57  Photon Cannon  
  28  3:09  Probe  
  29  3:21  Probe  
  30  3:27  Gateway  
  30  3:28  Nexus  
  30  3:35  Twilight Council  
  30  3:43  Pylon  
  30  3:59  Adept x2  
  34  4:13  Gateway  
  34  4:28  Stalker  
  34  4:29  Stalker  
  38  4:34  Charge (Chrono Boost)  
  38  4:43  Robotics Facility  
  38  4:47  Probe (Chrono Boost)  
  38  4:49  Probe (Chrono Boost)  
  40  4:59  Probe (Chrono Boost)  
  42  5:00  Probe (Chrono Boost)  
  42  5:03  Sentry  
  42  5:05  Probe (Chrono Boost)  
  45  5:12  Probe  
  46  5:24  Probe  
  46  5:27  Stalker x2  
  51  5:31  Probe  
  51  5:34  Immortal  
  56  5:36  Probe  
  56  5:39  Pylon  
  57  5:50  Pylon  
  57  5:52  Gateway  
  57  6:01  Shield Battery  
  57  6:05  Gateway  
  55  6:19  Adept  
  55  6:20  Adept  
  55  6:21  Zealot x2  
  45  6:40  Zealot x2  
  45  6:41  Zealot x2  
  40  6:55  Zealot  
  32  7:13  Zealot x3  
  32  7:14  Zealot x2  
  36  7:28  Immortal  
  38  7:44  Zealot x2  
  38  8:06  Adept x2  
  38  8:07  Adept  
  38  8:08  Nexus  
  36  8:33  Nexus  
  36  8:36  Observer  
  37  8:42  Adept  
  37  8:43  Adept x2  
  42  8:56  Gateway  
  42  8:59  Gateway  
  42  9:23  Pylon  
  42  9:24  Stalker  
  44  9:33  Dark Shrine  
  44  9:42  Zealot x4  
  52  9:46  Probe (Chrono Boost)  
  52  9:48  Assimilator  
  53  9:55  Probe (Chrono Boost)  
  53  9:58  Probe (Chrono Boost)  
  55  10:00  Probe (Chrono Boost)  
  55  10:07  Probe  
  53  10:12  Probe  
  50  10:19  Probe  
  50  10:21  Stalker x2  
  53  10:24  Probe  
  44  10:36  Probe  
  45  10:46  Dark Templar  
  45  10:47  Dark Templar x2  
  45  10:48  Probe  
  52  11:00  Probe  
  52  11:01  Shield Battery  
  53  11:04  Gateway  
  53  11:12  Probe  
  53  11:15  Assimilator  
  53  11:18  Pylon  
  54  11:25  Probe  
  55  11:26  Shield Battery  
  55  11:37  Probe  
  56  11:40  Templar Archives  
  56  11:49  Probe  
  56  11:51  Gateway  
  57  11:55  Shield Battery  
  57  11:57  Gateway  
  57  12:02  Probe  
  58  12:17  Sentry x2  
  58  12:21  Zealot x3  
  68  12:31  Nexus  
  68  12:37  Pylon  
  68  12:57  Photon Cannon  
  68  13:00  Photon Cannon  
  68  13:09  High Templar  
  68  13:10  High Templar  
  72  13:35  Zealot x2  
  72  13:37  Archon  
  72  13:39  Psionic Storm  
  70  13:51  Probe (Chrono Boost)  
  71  13:59  Dark Templar x2  
  71  14:01  Probe (Chrono Boost)  
  76  14:05  Protoss Ground Weapons Level 1  
  76  14:06  Probe (Chrono Boost)  
  77  14:13  Zealot x2  
  77  14:14  Stalker  
  77  14:15  Stalker  
  85  14:18  Probe  
  85  14:20  Pylon  
  86  14:30  Probe, Zealot x4  
  95  14:39  Forge  
  95  14:42  Probe  
  96  14:54  Probe  
  96  14:55  Photon Cannon  
  97  15:00  Shield Battery  
  97  15:01  Pylon  
  97  15:04  Shield Battery  
  97  15:06  Probe  
  98  15:07  Gateway  
  98  15:12  Assimilator  
  98  15:21  Stalker  
  98  15:22  Stalker x5  
  110  15:32  Dark Templar x2  
  110  15:33  Dark Templar  
  116  15:35  High Templar  
  118  16:00  Assimilator  
  118  16:14  Protoss Ground Armor Level 1  
  118  16:46  High Templar x2  
  122  16:47  Dark Templar  
  122  16:53  Pylon  
  124  16:58  Pylon  
  124  17:09  Immortal (Chrono Boost)  
  124  17:12  Nexus  
  128  17:19  Protoss Ground Weapons Level 2  
  128  17:29  Photon Cannon  
  128  17:34  Photon Cannon  
  128  17:41  Immortal  
  130  17:50  Zealot  
  130  17:51  Zealot x3  
  132  17:53  Stalker x3  
  140  18:25  Warp Prism (Chrono Boost)  
  138  18:28  Stalker x4  
  138  18:29  Stalker  
  138  18:30  Dark Templar x2  
  138  18:42  Pylon  
  138  18:45  Pylon  
  138  19:04  Nexus  
  98  19:47  Archon  
  98  19:50  Dark Templar x7  
  98  19:51  Dark Templar  
  114  20:15  Zealot x3  
  104  20:40  Zealot x7  
  104  20:41  Zealot x4  
  112  21:16  Observer (Chrono Boost)  
  105  21:29  Stalker x6  
  105  21:30  Stalker x5  
Show
View Real Time Build Order
Export as new Build Order

MrFercho Zerg 

Build Orders: Pool First 

Get SALT Encoding   

  12  0:23  Evolution Chamber  
  12  0:26  Spawning Pool  
  11  0:35  Drone x3  
  14  0:46  Overlord  
  14  1:05  Drone  
  15  1:14  Zergling x2  
  15  1:17  Hatchery  
  15  1:26  Zergling x2  
  16  1:36  Drone  
  17  1:45  Drone  
  18  1:55  Drone  
  18  1:58  Extractor  
  18  2:07  Drone  
  19  2:12  Drone  
  20  2:32  Overlord  
  20  2:34  Drone  
  21  2:40  Queen, Drone  
  21  2:41  Queen  
  21  2:43  Zergling x2  
  27  2:56  Drone  
  27  2:57  Drone  
  27  2:58  Drone  
  30  3:04  Overlord  
  30  3:06  Drone  
  30  3:11  Metabolic Boost  
  31  3:13  Drone  
  31  3:16  Drone  
  33  3:26  Queen  
  35  3:27  Drone x2  
  37  3:48  Drone x3  
  40  3:49  Overlord  
  40  3:59  Evolution Chamber  
  37  4:19  Drone x5  
  42  4:25  Zerg Melee Weapons Level 1  
  42  4:31  Overlord x2  
  42  4:34  Zergling x6  
  45  4:45  Lair  
  45  4:46  Zergling x2  
  45  4:47  Zergling x2  
  47  4:54  Baneling Nest  
  47  4:55  Drone  
  47  4:56  Zergling x2  
  47  4:57  Zergling x6  
  47  4:59  Zergling x2  
  53  5:00  Zergling x4  
  53  5:04  Queen  
  53  5:06  Zergling x2  
  57  5:27  Spore Crawler  
  56  5:29  Spore Crawler  
  55  5:41  Zergling x22  
  66  6:01  Zergling x2  
  66  6:04  Overlord x4  
  67  6:07  Overlord  
  67  6:22  Zergling x16  
  66  6:34  Hatchery  
  59  6:40  Zerg Melee Weapons Level 2  
  59  6:41  Zergling x2  
  59  6:42  Zergling x4  
  59  6:44  Drone  
  60  6:47  Centrifical Hooks  
  55  6:54  Zergling x8  
  58  7:05  Zergling x8  
  62  7:13  Zergling x2  
  62  7:14  Zergling x2  
  64  7:18  Zergling x8  
  68  7:30  Drone  
  69  7:39  Zergling x10  
  70  7:56  Zergling x10  
  71  8:01  Zergling x2  
  64  8:16  Baneling  
  64  8:17  Baneling x5  
  64  8:18  Hatchery  
  60  8:20  Zergling x20  
  62  8:35  Zergling x4  
  62  8:36  Zergling x8  
  65  8:42  Zergling x10  
  67  8:54  Zergling x10  
  69  9:05  Hatchery, Drone x3  
  69  9:08  Zerg Ground Armor Level 1  
  71  9:13  Zergling x2  
  71  9:14  Zergling x4  
  74  9:20  Hydralisk Den  
  73  9:27  Extractor  
  72  9:36  Extractor  
  72  9:38  Extractor  
  70  9:43  Zergling x24  
  82  9:46  Extractor, Baneling x2  
  82  9:49  Extractor  
  64  10:11  Zergling x6  
  64  10:12  Zergling x22  
  56  10:42  Drone x9  
  65  10:43  Drone x2  
  65  10:45  Muscular Augments  
  67  11:06  Drone x2  
  69  11:13  Zerg Missile Weapons Level 1  
  69  11:14  Drone  
  69  11:15  Drone x2  
  69  11:16  Drone x3  
  69  11:17  Overlord x2  
  75  11:19  Hydralisk  
  75  11:23  Baneling  
  75  11:24  Baneling  
  77  11:53  Hydralisk x3  
  83  11:55  Overlord x2  
  83  11:56  Grooved Spines  
  83  11:57  Nydus Network  
  83  11:58  Drone x3  
  85  12:03  Drone  
  85  12:04  Drone x5  
  85  12:05  Drone  
  91  12:16  Lurker Den  
  90  12:37  Spore Crawler  
  90  12:43  Hydralisk  
  90  12:44  Hydralisk x11  
  108  12:55  Extractor  
  107  13:11  Hydralisk  
  107  13:12  Hydralisk x7  
  123  13:31  Overseer x2  
  122  14:00  Drone  
  122  14:09  Extractor  
  121  14:14  Lurker Den  
  121  14:16  Drone x3  
  123  14:18  Hydralisk  
  123  14:20  Overlord x6  
  123  14:21  Overlord  
  125  14:28  Infestation Pit  
  124  14:39  Hydralisk x8  
  140  14:49  Pneumatized Carapace  
  140  14:56  Hydralisk x5  
  150  15:08  Zerg Missile Weapons Level 2  
  149  15:14  Spore Crawler  
  148  15:33  Nydus Canal  
  148  15:36  Hydralisk  
  148  15:37  Hydralisk x11  
  172  16:01  Nydus Canal  
  172  16:12  Overlord x4  
  172  16:13  Overlord x4  
  172  16:26  Nydus Canal  
  172  16:37  Hive  
  172  16:42  Overlord x2  
  172  16:58  Drone x2  
  174  17:09  Nydus Canal  
  174  17:36  Hatchery  
  173  17:59  Overlord x2  
  173  18:09  Seismic Spines  
  169  18:19  Lurker x2  
  172  18:20  Lurker x6  
  172  18:21  Lurker x4  
  120  18:40  Hydralisk x12  
  133  18:43  Lurker x12  
  145  18:58  Hydralisk x4  
  155  19:06  Adaptive Talons  
  144  19:20  Hydralisk x7  
  129  19:44  Hydralisk x7  
  96  20:17  Overseer x3  
  73  20:33  Hydralisk x11  
  73  20:34  Hydralisk  
  97  20:49  Zergling x8  
  101  20:56  Hydralisk x3  
  71  21:13  Overseer x2  
  71  21:16  Spore Crawler  
Show
View Real Time Build Order
Export as new Build Order

TATORREA Protoss 

Build Orders:  

Get SALT Encoding   

  12  0:03  Probe  
  13  0:15  Probe  
  14  0:27  Pylon, Probe  
  15  0:45  Probe  
  16  0:53  Gateway  
  16  0:57  Probe  
  17  1:05  Assimilator  
  17  1:09  Pylon, Probe  
  18  1:15  Assimilator  
  18  1:21  Probe  
  19  1:34  Probe  
  19  1:35  Assimilator  
  20  1:44  Assimilator  
  20  1:49  Probe (Chrono Boost)  
  21  2:01  Probe (Chrono Boost)  
  22  2:06  Probe (Chrono Boost)  
  23  2:13  Cybernetics Core  
  23  2:14  Gateway  
  23  2:15  Pylon  
  23  2:16  Gateway  
  23  2:37  Nexus  
  23  2:51  Warp Gate  
  23  2:53  Stalker  
  25  2:59  Robotics Facility  
  25  3:07  Stalker  
  27  3:15  Stalker  
  27  3:17  Probe  
  30  3:32  Pylon  
  30  3:35  Pylon  
  30  3:38  Stalker  
  32  3:53  Stalker x2  
  36  3:57  Probe  
  36  3:58  Probe  
  38  4:09  Probe  
  39  4:11  Probe  
  40  4:21  Probe  
  39  4:42  Stalker x3  
  39  4:44  Probe x2  
  47  4:56  Probe  
  47  4:57  Probe  
  47  4:59  Immortal  
  53  5:08  Probe  
  53  5:09  Probe  
  39  5:26  Stalker  
  30  5:49  Probe (Chrono Boost)  
  32  5:50  Probe (Chrono Boost)  
  32  5:59  Probe (Chrono Boost)  
  32  6:00  Probe (Chrono Boost)  
  34  6:04  Probe x2 (Chrono Boost)  
  32  6:57  Probe x2  
  34  7:07  Immortal  
  34  7:09  Probe (Chrono Boost)  
  34  7:10  Probe (Chrono Boost)  
  34  7:13  Stalker  
  34  7:14  Stalker x2  
  42  7:21  Probe (Chrono Boost)  
  42  7:22  Probe (Chrono Boost)  
  48  7:29  Probe (Chrono Boost)  
  49  7:30  Probe (Chrono Boost)  
  49  7:35  Probe  
  49  7:36  Probe  
  41  7:47  Probe  
  36  7:52  Stalker x3  
  36  7:55  Probe  
  39  8:00  Probe  
  38  8:07  Probe  
  38  8:09  Immortal  
  38  8:12  Probe  
  44  8:19  Probe (Chrono Boost)  
  45  8:24  Probe (Chrono Boost)  
  46  8:31  Probe (Chrono Boost)  
  46  8:33  Probe (Chrono Boost)  
  48  8:36  Probe (Chrono Boost)  
  48  8:38  Probe (Chrono Boost)  
  50  8:42  Assimilator  
  50  8:44  Assimilator  
  50  8:45  Stalker, Probe  
  50  8:48  Stalker  
  55  8:50  Probe  
  55  8:53  Stalker  
  58  8:57  Probe  
  60  9:02  Probe  
  60  9:09  Probe  
  61  9:12  Twilight Council  
  61  9:14  Probe  
  61  9:15  Stalker  
  64  9:17  Stalker  
  64  9:21  Stalker  
  64  9:22  Probe  
  69  9:33  Pylon  
  69  9:35  Pylon, Probe  
  74  9:54  Observer  
  74  9:57  Stalker  
  74  9:58  Stalker x2  
  69  10:15  Immortal  
  55  10:30  Stalker x3  
  61  11:00  Stalker  
  61  11:03  Stalker  
  65  11:04  Nexus  
  65  11:08  Stalker  
  67  11:12  Pylon  
  67  11:15  Pylon, Probe x2  
  69  11:19  Gateway  
  69  11:22  Gateway  
  69  11:27  Probe x2  
  69  11:28  Gateway, Forge  
  71  11:33  Forge  
  71  11:35  Stargate  
  71  11:39  Probe x2, Stargate  
  73  11:40  Templar Archives  
  73  11:46  Stalker  
  75  12:02  Pylon  
  75  12:03  Probe x2  
  75  12:05  Pylon  
  77  12:15  Probe x2  
  79  12:22  Fleet Beacon  
  79  12:26  Assimilator  
  79  12:27  Stalker  
  79  12:28  Stalker  
  83  12:30  Stalker  
  83  12:32  Assimilator  
  83  12:34  Stalker  
  87  12:55  Void Ray x2, Protoss Ground Weapons Level 1 (Chrono Boost)  
  87  12:56  Protoss Shields Level 1 (Chrono Boost)  
  87  12:58  Unknown  
  95  13:03  Protoss Air Weapons Level 1  
  95  13:06  Blink  
  95  13:12  Probe x2  
  97  13:13  Probe  
  98  13:24  Probe x2  
  90  13:31  Nexus  
  90  13:34  Pylon  
  85  13:41  Probe x2  
  85  13:42  Probe  
  88  13:53  Probe  
  88  13:54  Stalker x2, Probe x2  
  95  14:05  Probe  
  95  14:06  Probe x2  
  95  14:07  Void Ray  
  102  14:13  Void Ray  
  106  14:19  Probe (Chrono Boost)  
  106  14:20  Probe x2 (Chrono Boost)  
  109  14:28  Psionic Storm  
  109  14:31  Probe (Chrono Boost), Zealot  
  110  14:32  Zealot  
  110  14:34  Probe x2 (Chrono Boost)  
  110  14:35  Probe (Chrono Boost)  
  117  14:41  Probe  
  117  14:43  Probe  
  119  14:46  High Templar x4  
  119  14:51  Protoss Ground Weapons Level 2 (Chrono Boost)  
  127  14:53  Protoss Shields Level 2 (Chrono Boost)  
  127  14:59  Archon x2  
  127  15:10  Protoss Air Weapons Level 2 (Chrono Boost)  
  127  15:17  Stalker x2  
  131  15:37  High Templar x2  
  131  15:38  High Templar x2  
  139  15:59  Archon x2  
  139  16:10  High Templar x3  
  145  16:20  Assimilator  
  145  16:22  Assimilator  
  145  16:25  Gateway  
  145  16:33  Gateway  
  145  16:35  Gateway  
  145  16:36  Gateway  
  145  16:39  Gateway  
  145  16:43  Gateway, High Templar x2  
  145  16:44  High Templar x2  
  145  16:45  Gateway  
  145  16:46  Gateway  
  153  16:47  Pylon  
  153  16:49  Pylon  
  153  16:52  Probe x3  
  153  16:53  Pylon  
  153  16:54  Pylon  
  156  16:57  Pylon  
  156  17:05  Probe x4  
  156  17:06  Archon x3  
  160  17:13  Protoss Air Weapons Level 3 (Chrono Boost)  
  160  17:15  Void Ray  
  164  17:16  Gateway  
  164  17:17  Probe  
  164  17:18  Protoss Ground Weapons Level 3 (Chrono Boost)  
  164  17:20  Void Ray  
  164  17:21  Gateway  
  169  17:23  Gateway  
  169  17:27  Protoss Shields Level 3 (Chrono Boost)  
  169  17:39  Stalker  
  169  17:40  Stalker  
  173  17:48  Probe x2  
  173  17:49  Probe x2  
  177  18:03  High Templar x3  
  183  18:18  High Templar  
  183  18:19  High Templar  
  187  18:31  Archon x2  
  187  18:32  Nexus  
  187  18:34  Pylon  
  187  18:37  Pylon  
  187  18:38  Archon  
  187  18:41  Pylon  
  187  18:44  High Templar x2  
  187  18:47  Stalker x2  
  195  18:49  Pylon  
  195  18:52  Pylon  
  195  18:55  Pylon  
  195  19:00  Pylon  
  89  19:34  Stalker x4  
  89  19:35  Stalker x4  
  89  19:36  Stalker x4  
  89  19:37  Stalker x5  
  109  19:58  Stalker x4  
  109  19:59  Stalker  
  119  20:00  Stalker x3  
  94  20:17  Stalker  
  94  20:18  Stalker x4  
  94  20:19  Stalker  
Tags
 
Add a new tag
Caveats
  • Supply blocks, unpowered buildings, or Contaminate may cause inaccurate times.
  • Supply counts are checked every 10 seconds.